Patriotes vs Sewer Rats
Created - 17 janvier 2016 at 19:54
Goals
|
| Patriotes |
0 |
2 |
1 |
3 |
| Sewer Rats |
1 |
2 |
4 |
7 |
|
Shots
|
| Patriotes |
14 |
8 |
16 |
38 |
| Sewer Rats |
14 |
11 |
14 |
39 |
|
1st period
1. Sewer Rats , Kyle Turris 8 (Peter Mueller) at 19:57
Penalties :
Peter Mueller (Tol) for High sticking (Double Minor) at 0:22, Timothy Kunes (Nyc) for Holding (Minor) at 16:34
2nd period
2. Patriotes , Andreas Nodl 23 (Christian Hanson, Tomas Kurka) at 0:41
3. Sewer Rats , Kyle Quincey 4 (Kyle Turris, Jared Boll) at 1:54
4. Patriotes , Fedor Fedorov 9 (Zenon Konopka, Andrew Gordon) at 7:51
5. Sewer Rats , Ville Leino 19 (Peter Mueller) at 8:05 (PP)
Penalties :
Andreas Nodl (Nyc) for Hooking (Minor) at 8:04
3rd period
6. Sewer Rats , Matt Lashoff 2 (Ville Leino, Nick Palmieri) at 0:08
7. Sewer Rats , Nick Palmieri 22 (Ville Leino, Peter Mueller) at 0:50
8. Sewer Rats , Brandon Sutter 25 (Matt Lashoff) at 2:33 (PP)
9. Patriotes , Christian Hanson 18 (Tomas Kurka, Timothy Kunes) at 3:50
10. Sewer Rats , Peter Mueller 19 (Mattias Ekholm) at 13:40
Penalties :
Brett Skinner (Nyc) for Roughing (Minor) at 1:19
Goalie Stats
Marek Schwarz (Nyc), 32 saves from 39 shots - (0,821), L, 15-16-4, 60:00 minutes
Jhonas Enroth (Tol), 35 saves from 38 shots - (0,921), W, 15-11-3, 60:00 minutes
Players Stats for Patriotes
Player Name G A P +/- PIM S H SB GA TA FO MP PP MP PK MP
------------------------------------------------------------------------------------
Andreas Nodl 1 0 1 -1 2 5 4 0 2 0 3/5 24:19 2:18 2:06
Andrew Gordon 0 1 1 1 0 1 2 1 1 1 1/1 16:53 1:41 0:43
Anthony Bitetto 0 0 0 -1 0 1 0 0 0 0 0/0 14:27 0:00 1:44
Brett Skinner 0 0 0 -3 2 5 1 0 3 0 0/0 26:51 2:06 1:02
Christian Hanson 1 1 2 -1 0 3 1 1 0 0 24/41 21:58 2:18 0:00
Dale Weise 0 0 0 -1 0 0 1 0 0 0 0/0 7:04 0:00 0:00
Dwight King 0 0 0 -1 0 4 3 0 0 1 0/1 11:58 0:00 0:00
Fedor Fedorov 1 0 1 1 0 3 0 0 0 0 0/0 16:37 1:41 1:07
Joe Charlebois 0 0 0 2 0 1 1 2 0 0 0/0 20:00 1:53 1:26
Lauri Tukonen 0 0 0 -1 0 1 1 0 1 0 0/0 9:07 0:00 0:00
Matt Calvert 0 0 0 -1 0 3 3 1 0 0 0/1 9:40 0:00 0:25
Melker Karlsson 0 0 0 -1 0 1 1 0 0 0 1/3 7:04 0:00 0:00
Nigel Williams 0 0 0 -1 0 1 0 0 0 0 0/0 12:22 0:00 0:00
Ryan White 0 0 0 -1 0 1 1 0 1 1 2/6 11:58 0:00 0:00
Ryan Wilson 0 0 0 -3 0 3 0 2 1 0 0/0 27:38 2:06 1:48
Timothy Kunes 0 1 1 2 2 0 0 0 1 0 0/0 18:56 1:53 0:28
Tomas Kurka 0 2 2 -1 0 5 3 0 1 0 0/1 24:21 2:18 2:07
Zenon Konopka 0 1 1 1 0 0 2 0 0 0 6/13 15:30 1:41 0:00
Players Stats for Sewer Rats
Player Name G A P +/- PIM S H SB GA TA FO MP PP MP PK MP
------------------------------------------------------------------------------------
Brandon Sutter 1 0 1 -1 0 1 1 1 0 0 7/16 18:18 1:50 0:00
Derek Dorsett 0 0 0 0 0 0 2 0 0 2 0/0 6:58 0:00 1:42
Jared Boll 0 1 1 0 0 1 2 0 1 0 0/0 12:44 0:00 0:00
Jarred Tinordi 0 0 0 0 0 0 0 0 0 0 0/0 3:13 0:00 0:00
John-Michael Liles 0 0 0 1 0 2 1 3 0 1 0/0 28:29 2:30 2:11
Jonathan Paiement 0 0 0 1 0 0 0 1 1 0 0/0 12:09 0:00 0:00
Kyle Quincey 1 0 1 0 0 3 2 2 0 0 0/0 19:22 0:44 1:48
Kyle Turris 1 1 2 0 0 3 3 1 0 0 1/6 12:44 0:00 0:00
Lars Eller 0 0 0 0 0 1 0 0 0 0 2/2 5:16 0:00 0:00
Mark Mancari 0 0 0 -1 0 6 2 1 0 1 3/3 20:21 1:50 2:01
Matt Lashoff 1 1 2 1 0 1 2 4 0 1 0/0 25:16 2:30 2:11
Mattias Ekholm 0 1 1 1 0 0 0 0 0 2 0/0 12:09 0:00 0:00
Nick Palmieri 1 1 2 3 0 4 1 0 0 0 1/5 21:39 1:24 1:58
Patrick Bordeleau 0 0 0 0 0 3 1 0 0 0 0/0 12:44 0:00 0:00
Peter Mueller 1 3 4 3 4 4 3 0 0 1 17/32 19:42 1:24 0:00
Ryan Maki 0 0 0 0 0 0 0 0 0 0 0/0 0:42 0:00 0:00
Steven Kampfer 0 0 0 0 0 0 0 0 0 0 0/0 19:22 0:44 1:48
Ville Leino 1 2 3 3 0 6 1 1 1 1 3/6 26:13 1:24 1:58
Vojtech Polak 0 0 0 -1 0 4 0 1 0 2 1/2 18:39 1:50 0:19
3 Stars
1 - Ville Leino (Tol)
2 - Peter Mueller (Tol)
3 - Nick Palmieri (Tol)
Power Play
Patriotes - 0 on 2 Attempt(s) - 0,00%
Sewer Rats - 2 on 3 Attempt(s) - 66,67%
Penalty Kill
Patriotes - 1 on 3 Attempt(s) - 33,33%
- Score 0 goal in Penalty Kill
Sewer Rats - 2 on 2 Attempt(s) - 100,00%
- Score 0 goal in Penalty Kill
Team Stat
Patriotes - Hits : 24 - Faceoff Wins : 37 - Blocked Shots : 7 - Penalty Minutes : 6
Sewer Rats - Hits : 21 - Faceoff Wins : 35 - Blocked Shots : 15 - Penalty Minutes : 4
Official
Referees : Walsh Ian and Dwyer Gord
Linesman : Jay Sharrers and Pierre Champoux
Game Notes
Lauri Tukonen is injured at 9:19 of 3rd period (Back Spasms)
Finance
Level 1 -- Attendance: 1572 (78,60%) -- Ticket Income 47 160 $
Level 2 -- Attendance: 793 (79,30%) -- Ticket Income 9 516 $
Total Attendance: 2365 (78,83%)
Total Ticket Income: 56 676 $
Other Income: 2 834 $
Total Income: 59 510 $
Patriotes
5 vs 5 Forward
Center Left Wing Right Wing Time % Phy DF OF
1 Christian Hanson Tomas Kurka Andreas Nodl 40 1 2 2
2 Zenon Konopka Fedor Fedorov Andrew Gordon 30 1 2 2
3 Ryan White Dwight King Lauri Tukonen 20 1 2 2
4 Melker Karlsson Matt Calvert Dale Weise 10 1 2 2
5 vs 5 Defense
Defense Defense Time % Phy DF OF
1 Brett Skinner Ryan Wilson 40 1 2 2
2 Joe Charlebois Timothy Kunes 30 1 2 2
3 Nigel Williams Anthony Bitetto 20 1 2 2
4 Brett Skinner Ryan Wilson 10 1 2 2
PowerPlay Forward
Center Left Wing Right Wing Time % Phy DF OF
1 Christian Hanson Tomas Kurka Andreas Nodl 60 1 2 2
2 Zenon Konopka Fedor Fedorov Andrew Gordon 40 1 2 2
PowerPlay Defense
Defense Defense Time % Phy DF OF
1 Brett Skinner Ryan Wilson 60 1 2 2
2 Joe Charlebois Timothy Kunes 40 1 2 2
Penalty Kill 4 Players Forward
Center Wing Time % Phy DF OF
1 Andreas Nodl Tomas Kurka 60 1 2 2
2 Fedor Fedorov Andrew Gordon 40 1 2 2
Penalty Kill 4 Players Defense
Defense Defense Time % Phy DF OF
1 Brett Skinner Ryan Wilson 60 1 2 2
2 Joe Charlebois Timothy Kunes 40 1 2 2
Penalty Kill - 3 Players Forward
Forward Time % Phy DF OF
1 Andreas Nodl 60 1 2 2
2 Tomas Kurka 40 1 2 2
Penalty Kill - 3 Players Defense
Defense Defense Time % Phy DF OF
1 Brett Skinner Ryan Wilson 60 1 2 2
2 Joe Charlebois Timothy Kunes 40 1 2 2
4 vs 4 Forward
Center Wing Time % Phy DF OF
1 Andreas Nodl Tomas Kurka 60 1 2 2
2 Fedor Fedorov Andrew Gordon 40 1 2 2
4 vs 4 Defense
Defense Defense Time % Phy DF OF
1 Brett Skinner Ryan Wilson 60 1 2 2
2 Joe Charlebois Timothy Kunes 40 1 2 2
Last Minutes Offensive
Center Left Wing Right Wing Defense Defense
Christian Hanson Tomas Kurka Andreas Nodl Brett Skinner Ryan Wilson
Last Minutes Defensive
Center Left Wing Right Wing Defense Defense
Christian Hanson Tomas Kurka Andreas Nodl Brett Skinner Ryan Wilson
Goaltenders
Starting : Marek Schwarz
Backup : Jason Missiaen
Extra Forwards
Normal : Lauri Tukonen, Dwight King, Matt Calvert - PP : Lauri Tukonen, Dwight King - PK : Matt Calvert
Extra Defensemen
Normal : Nigel Williams, Anthony Bitetto, Joe Charlebois - PP : Nigel Williams - PK : Anthony Bitetto, Joe Charlebois
Penalty Shots
Andreas Nodl, Tomas Kurka, Fedor Fedorov, Andrew Gordon, Christian Hanson
Sewer Rats
5 vs 5 Forward
Center Left Wing Right Wing Time % Phy DF OF
1 Peter Mueller Ville Leino Nick Palmieri 40 1 2 2
2 Brandon Sutter Vojtech Polak Mark Mancari 30 1 2 2
3 Kyle Turris Patrick Bordeleau Jared Boll 20 1 2 2
4 Lars Eller Ville Leino Derek Dorsett 10 1 2 2
5 vs 5 Defense
Defense Defense Time % Phy DF OF
1 John-Michael Liles Matt Lashoff 40 1 2 2
2 Kyle Quincey Steven Kampfer 30 1 2 2
3 Jonathan Paiement Mattias Ekholm 20 1 2 2
4 Jarred Tinordi John-Michael Liles 10 1 2 2
PowerPlay Forward
Center Left Wing Right Wing Time % Phy DF OF
1 Peter Mueller Ville Leino Nick Palmieri 60 1 2 2
2 Brandon Sutter Vojtech Polak Mark Mancari 40 1 2 2
PowerPlay Defense
Defense Defense Time % Phy DF OF
1 John-Michael Liles Matt Lashoff 60 1 2 2
2 Kyle Quincey Steven Kampfer 40 1 2 2
Penalty Kill 4 Players Forward
Center Wing Time % Phy DF OF
1 Ville Leino Nick Palmieri 60 1 2 2
2 Mark Mancari Peter Mueller 40 1 2 2
Penalty Kill 4 Players Defense
Defense Defense Time % Phy DF OF
1 John-Michael Liles Matt Lashoff 60 1 2 2
2 Kyle Quincey Steven Kampfer 40 1 2 2
Penalty Kill - 3 Players Forward
Forward Time % Phy DF OF
1 Ville Leino 60 1 2 2
2 Nick Palmieri 40 1 2 2
Penalty Kill - 3 Players Defense
Defense Defense Time % Phy DF OF
1 John-Michael Liles Matt Lashoff 60 1 2 2
2 Kyle Quincey Steven Kampfer 40 1 2 2
4 vs 4 Forward
Center Wing Time % Phy DF OF
1 Ville Leino Nick Palmieri 60 1 2 2
2 Mark Mancari Peter Mueller 40 1 2 2
4 vs 4 Defense
Defense Defense Time % Phy DF OF
1 John-Michael Liles Matt Lashoff 60 1 2 2
2 Kyle Quincey Steven Kampfer 40 1 2 2
Last Minutes Offensive
Center Left Wing Right Wing Defense Defense
Peter Mueller Ville Leino Nick Palmieri John-Michael Liles Matt Lashoff
Last Minutes Defensive
Center Left Wing Right Wing Defense Defense
Peter Mueller Ville Leino Nick Palmieri John-Michael Liles Matt Lashoff
Goaltenders
Starting : Jhonas Enroth
Backup : Cédric Desjardins
Extra Forwards
Normal : Ryan Maki, Jared Boll, Derek Dorsett - PP : Ryan Maki, Jared Boll - PK : Derek Dorsett
Extra Defensemen
Normal : Jonathan Paiement, Mattias Ekholm, Jarred Tinordi - PP : Jonathan Paiement - PK : Mattias Ekholm, Jarred Tinordi
Penalty Shots
Ville Leino, Nick Palmieri, Mark Mancari, Peter Mueller, Brandon Sutter
% Time on Ice - Patriotes
Lines # - Real PCT - Wanted PCT - Time Play
Normal Forward
1 - 38% - 40% - 19:56
2 - 26% - 30% - 13:49
3 - 23% - 20% - 11:58
4 - 13% - 10% - 7:04
Normal Defense
1 - 40% - 40% - 20:56
2 - 32% - 30% - 16:41
3 - 23% - 20% - 12:22
4 - 5% - 10% - 2:48
PP Forward
1 - 58% - 60% - 2:18
2 - 42% - 40% - 1:41
PP Defense
1 - 53% - 60% - 2:06
2 - 47% - 40% - 1:53
PK Forward
1 - 78% - 60% - 2:31
2 - 22% - 40% - 0:43
PK Defense
1 - 56% - 60% - 1:48
2 - 44% - 40% - 1:26
PK3 Forward
1 - 0% - 60%
2 - 0% - 40%
PK3 Defense
1 - 0% - 60%
2 - 0% - 40%
44 Forward
1 - 0% - 60%
2 - 0% - 40%
44 Defense
1 - 0% - 60%
2 - 0% - 40%
Last Minute Offensive - 0:00
Last Minute Defensive - 0:00
Total
Forward - 60:00
Defense - 60:00
|
% Time on Ice - Sewer Rats
Lines # - Real PCT - Wanted PCT - Time Play
Normal Forward
1 - 35% - 40% - 18:17
2 - 31% - 30% - 16:30
3 - 24% - 20% - 12:44
4 - 10% - 10% - 5:16
Normal Defense
1 - 39% - 40% - 20:35
2 - 32% - 30% - 16:50
3 - 23% - 20% - 12:09
4 - 6% - 10% - 3:13
PP Forward
1 - 43% - 60% - 1:24
2 - 57% - 40% - 1:50
PP Defense
1 - 77% - 60% - 2:30
2 - 23% - 40% - 0:44
PK Forward
1 - 49% - 60% - 1:58
2 - 51% - 40% - 2:01
PK Defense
1 - 55% - 60% - 2:11
2 - 45% - 40% - 1:48
PK3 Forward
1 - 0% - 60%
2 - 0% - 40%
PK3 Defense
1 - 0% - 60%
2 - 0% - 40%
44 Forward
1 - 0% - 60%
2 - 0% - 40%
44 Defense
1 - 0% - 60%
2 - 0% - 40%
Last Minute Offensive - 0:00
Last Minute Defensive - 0:00
Total
Forward - 60:00
Defense - 60:00
|
Play by Play
1st period
0:01 of 1st period - Peter Mueller wins face-off versus Christian Hanson in neutral zone.
0:22 of 1st period - Double Minor Penalty to Peter Mueller for High sticking.
0:23 of 1st period - Christian Hanson wins face-off versus Nick Palmieri in Sewer Rats zone.
1:07 of 1st period - Off-side.
1:08 of 1st period - Christian Hanson wins face-off versus Ville Leino in neutral zone.
1:19 of 1st period - Snap shot by Andreas Nodl.
1:19 of 1st period - Shot Misses the Net.
1:35 of 1st period - Wrist shot by Fedor Fedorov.
1:35 of 1st period - Shot Blocked by Kyle Quincey.
1:39 of 1st period - Wrist shot by Andrew Gordon.
1:39 of 1st period - Deflect By Mark Mancari.
1:39 of 1st period - Shot Blocked by Kyle Quincey.
1:39 of 1st period - Puck is out of play.
1:40 of 1st period - Ville Leino wins face-off versus Christian Hanson in Sewer Rats zone.
1:40 of 1st period - Ville Leino is hit by Tomas Kurka.
1:51 of 1st period - Off-side.
1:52 of 1st period - Ville Leino wins face-off versus Christian Hanson in neutral zone.
1:55 of 1st period - Snap shot by Ville Leino.
1:55 of 1st period - Stopped by Marek Schwarz with a rebound.
1:57 of 1st period - Snap shot by Ville Leino.
1:57 of 1st period - Stopped by Marek Schwarz with a rebound.
1:59 of 1st period - Slapshot by Kyle Quincey.
1:59 of 1st period - Deflect By Brett Skinner.
1:59 of 1st period - Stopped by Marek Schwarz without a rebound.
2:00 of 1st period - Mark Mancari wins face-off versus Christian Hanson in Patriotes zone.
2:05 of 1st period - Wrist shot by Mark Mancari.
2:05 of 1st period - Stopped by Marek Schwarz without a rebound.
2:06 of 1st period - Mark Mancari wins face-off versus Zenon Konopka in Patriotes zone.
2:14 of 1st period - Snap shot by Mark Mancari.
2:14 of 1st period - Deflect By Andrew Gordon.
2:14 of 1st period - Stopped by Marek Schwarz with a rebound.
2:16 of 1st period - Slapshot by John-Michael Liles.
2:16 of 1st period - Deflect By Mark Mancari.
2:16 of 1st period - Stopped by Marek Schwarz with a rebound.
2:18 of 1st period - Wrist shot by Derek Dorsett.
2:18 of 1st period - Shot Blocked by Joe Charlebois.
2:20 of 1st period - Wrist shot by Matt Lashoff.
2:20 of 1st period - Shot Misses the Net.
2:34 of 1st period - Slapshot by Mark Mancari.
2:34 of 1st period - Stopped by Marek Schwarz without a rebound.
2:35 of 1st period - Christian Hanson wins face-off versus Ville Leino in Patriotes zone.
2:42 of 1st period - Snap shot by Christian Hanson.
2:42 of 1st period - Stopped by Jhonas Enroth without a rebound.
2:43 of 1st period - Christian Hanson wins face-off versus Nick Palmieri in Sewer Rats zone.
3:13 of 1st period - Snap shot by Zenon Konopka.
3:13 of 1st period - Shot Blocked by John-Michael Liles.
3:15 of 1st period - Slapshot by Brett Skinner.
3:15 of 1st period - Shot Misses the Net.
4:22 of 1st period - Penalty to Peter Mueller is over, Peter Mueller is back on ice.
4:26 of 1st period - Off-side.
4:27 of 1st period - Ryan White wins face-off versus Kyle Turris in neutral zone.
4:36 of 1st period - Slapshot by Lauri Tukonen.
4:36 of 1st period - Shot Blocked by Jonathan Paiement.
5:13 of 1st period - Snap shot by Kyle Turris.
5:13 of 1st period - Shot Misses the Net.
5:15 of 1st period - Wrist shot by Jared Boll.
5:15 of 1st period - Shot Misses the Net.
5:42 of 1st period - Off-side.
5:43 of 1st period - Christian Hanson wins face-off versus Peter Mueller in neutral zone.
5:52 of 1st period - Peter Mueller is hit by Brett Skinner and loses puck.
6:15 of 1st period - Wrist shot by Mark Mancari.
6:15 of 1st period - Stopped by Marek Schwarz with a rebound.
7:00 of 1st period - Snap shot by Fedor Fedorov.
7:00 of 1st period - Stopped by Jhonas Enroth without a rebound.
7:01 of 1st period - Zenon Konopka wins face-off versus Vojtech Polak in Sewer Rats zone.
7:04 of 1st period - Snap shot by Fedor Fedorov.
7:04 of 1st period - Deflect By Andrew Gordon.
7:04 of 1st period - Shot Misses the Net.
7:04 of 1st period - Puck is out of play.
7:05 of 1st period - Mark Mancari wins face-off versus Christian Hanson in Sewer Rats zone.
7:16 of 1st period - Slapshot by Mark Mancari.
7:16 of 1st period - Stopped by Marek Schwarz with a rebound.
7:18 of 1st period - Slapshot by Vojtech Polak.
7:18 of 1st period - Shot Blocked by Christian Hanson.
8:00 of 1st period - Wrist shot by Kyle Turris.
8:00 of 1st period - Stopped by Marek Schwarz with a rebound.
8:14 of 1st period - Timothy Kunes is hit by Kyle Quincey and loses puck.
8:39 of 1st period - Slapshot by Peter Mueller.
8:39 of 1st period - Stopped by Marek Schwarz without a rebound.
8:40 of 1st period - Christian Hanson wins face-off versus Brandon Sutter in Patriotes zone.
8:51 of 1st period - Snap shot by Christian Hanson.
8:51 of 1st period - Shot Blocked by John-Michael Liles.
8:57 of 1st period - Tomas Kurka is hit by John-Michael Liles and loses puck.
10:27 of 1st period - Wrist shot by Matt Calvert.
10:27 of 1st period - Stopped by Jhonas Enroth with a rebound.
10:29 of 1st period - Slapshot by Anthony Bitetto.
10:29 of 1st period - Stopped by Jhonas Enroth with a rebound.
10:31 of 1st period - Slapshot by Nigel Williams.
10:31 of 1st period - Stopped by Jhonas Enroth without a rebound.
10:32 of 1st period - Brandon Sutter wins face-off versus Christian Hanson in Sewer Rats zone.
11:25 of 1st period - Snap shot by Kyle Turris.
11:25 of 1st period - Shot Blocked by Ryan Wilson.
11:39 of 1st period - Wrist shot by Matt Calvert.
11:39 of 1st period - Stopped by Jhonas Enroth with a rebound.
11:41 of 1st period - Wrist shot by Matt Calvert.
11:41 of 1st period - Shot Misses the Net.
11:43 of 1st period - Backhand shot by Brett Skinner.
11:43 of 1st period - Stopped by Jhonas Enroth with a rebound.
11:45 of 1st period - Slapshot by Ryan Wilson.
11:45 of 1st period - Stopped by Jhonas Enroth without a rebound.
11:46 of 1st period - Christian Hanson wins face-off versus Peter Mueller in Sewer Rats zone.
11:47 of 1st period - Snap shot by Andreas Nodl.
11:47 of 1st period - Stopped by Jhonas Enroth with a rebound.
11:55 of 1st period - Slapshot by Ville Leino.
11:55 of 1st period - Shot Blocked by Joe Charlebois.
11:57 of 1st period - Snap shot by Nick Palmieri.
11:57 of 1st period - Stopped by Marek Schwarz without a rebound.
11:58 of 1st period - Christian Hanson wins face-off versus Peter Mueller in Patriotes zone.
12:05 of 1st period - Andreas Nodl is hit by Ville Leino and loses puck.
13:17 of 1st period - Derek Dorsett is hit by Matt Calvert and loses puck.
13:50 of 1st period - Ville Leino is hit by Lauri Tukonen and loses puck.
13:57 of 1st period - Snap shot by Dwight King.
13:57 of 1st period - Deflect By Ryan White.
13:57 of 1st period - Deflect By Ville Leino.
13:57 of 1st period - Shot Blocked by Ville Leino.
13:57 of 1st period - Puck is out of play.
13:58 of 1st period - Christian Hanson wins face-off versus Kyle Turris in Sewer Rats zone.
14:07 of 1st period - Wrist shot by Tomas Kurka.
14:07 of 1st period - Stopped by Jhonas Enroth without a rebound.
14:08 of 1st period - Christian Hanson wins face-off versus Kyle Turris in Sewer Rats zone.
14:11 of 1st period - Slapshot by Tomas Kurka.
14:11 of 1st period - Shot Misses the Net.
14:13 of 1st period - Snap shot by Christian Hanson.
14:13 of 1st period - Shot Misses the Net.
14:15 of 1st period - Wrist shot by Christian Hanson.
14:15 of 1st period - Shot Blocked by Matt Lashoff.
14:31 of 1st period - John-Michael Liles is hit by Andreas Nodl and loses puck.
14:59 of 1st period - Snap shot by Tomas Kurka.
14:59 of 1st period - Shot Misses the Net.
15:01 of 1st period - Snap shot by Christian Hanson.
15:01 of 1st period - Stopped by Jhonas Enroth with a rebound.
15:03 of 1st period - Snap shot by Andreas Nodl.
15:03 of 1st period - Deflect By Tomas Kurka.
15:03 of 1st period - Shot Blocked by Matt Lashoff.
15:03 of 1st period - Puck is out of play.
15:04 of 1st period - Andrew Gordon wins face-off versus Nick Palmieri in Sewer Rats zone.
15:29 of 1st period - Ryan White is hit by Brandon Sutter and loses puck.
16:34 of 1st period - Minor Penalty to Timothy Kunes for Holding.
16:35 of 1st period - Vojtech Polak wins face-off versus Andreas Nodl in Patriotes zone.
17:00 of 1st period - Icing by Matt Lashoff.
17:01 of 1st period - Andreas Nodl wins face-off versus Brandon Sutter in Sewer Rats zone.
17:04 of 1st period - Snap shot by Tomas Kurka.
17:04 of 1st period - Stopped by Jhonas Enroth with a rebound.
17:24 of 1st period - Snap shot by Peter Mueller.
17:24 of 1st period - Stopped by Marek Schwarz with a rebound.
17:44 of 1st period - Snap shot by Fedor Fedorov.
17:44 of 1st period - Stopped by Jhonas Enroth without a rebound.
17:45 of 1st period - Andreas Nodl wins face-off versus Brandon Sutter in Sewer Rats zone.
18:23 of 1st period - Icing by Steven Kampfer.
18:24 of 1st period - Peter Mueller wins face-off versus Matt Calvert in Sewer Rats zone.
18:34 of 1st period - Penalty to Timothy Kunes is over, Timothy Kunes is back on ice.
19:04 of 1st period - Slapshot by Andrew Gordon.
19:04 of 1st period - Stopped by Jhonas Enroth without a rebound.
19:05 of 1st period - Nick Palmieri wins face-off versus Dwight King in Sewer Rats zone.
19:24 of 1st period - Lauri Tukonen is hit by Kyle Quincey and loses puck.
19:28 of 1st period - Icing by Lauri Tukonen.
19:29 of 1st period - Brandon Sutter wins face-off versus Ryan White in Patriotes zone.
19:57 of 1st period - Snap shot by Kyle Turris.
19:57 of 1st period - Goal by Kyle Turris - Patriotes : 0 - Sewer Rats : 1.
19:58 of 1st period - Peter Mueller wins face-off versus Christian Hanson in neutral zone.
Goals for this period are 0 for Patriotes vs 1 for Sewer Rats.
Shots for this period are 14 for Patriotes vs 14 for Sewer Rats.
2nd period
0:01 of 2nd period - Christian Hanson wins face-off versus Peter Mueller in neutral zone.
0:26 of 2nd period - Ryan Wilson is hit by Kyle Turris and loses puck.
0:41 of 2nd period - Snap shot by Andreas Nodl.
0:41 of 2nd period - Goal by Andreas Nodl - Patriotes : 1 - Sewer Rats : 1.
0:42 of 2nd period - Peter Mueller wins face-off versus Zenon Konopka in neutral zone.
1:07 of 2nd period - Ryan Wilson is hit by Mark Mancari.
1:52 of 2nd period - Wrist shot by Kyle Turris.
1:52 of 2nd period - Shot Misses the Net.
1:54 of 2nd period - Slapshot by Kyle Quincey.
1:54 of 2nd period - Deflect By Matt Calvert.
1:54 of 2nd period - Goal by Kyle Quincey - Patriotes : 1 - Sewer Rats : 2.
1:55 of 2nd period - Peter Mueller wins face-off versus Christian Hanson in neutral zone.
3:02 of 2nd period - Lars Eller is hit by Dale Weise and loses puck.
3:07 of 2nd period - Snap shot by Matt Calvert.
3:07 of 2nd period - Shot Misses the Net.
3:09 of 2nd period - Wrist shot by Melker Karlsson.
3:09 of 2nd period - Stopped by Jhonas Enroth with a rebound.
5:45 of 2nd period - Snap shot by Matt Calvert.
5:45 of 2nd period - Shot Misses the Net.
7:00 of 2nd period - Nigel Williams is hit by Peter Mueller and loses puck.
7:51 of 2nd period - Snap shot by Fedor Fedorov.
7:51 of 2nd period - Goal by Fedor Fedorov - Patriotes : 2 - Sewer Rats : 2.
7:52 of 2nd period - Christian Hanson wins face-off versus Brandon Sutter in neutral zone.
8:04 of 2nd period - Minor Penalty to Andreas Nodl for Hooking.
8:05 of 2nd period - Peter Mueller wins face-off versus Tomas Kurka in Patriotes zone.
8:05 of 2nd period - Wrist shot by Ville Leino.
8:05 of 2nd period - Goal by Ville Leino - Patriotes : 2 - Sewer Rats : 3.
8:06 of 2nd period - Christian Hanson wins face-off versus Peter Mueller in neutral zone.
8:08 of 2nd period - Ryan Wilson is hit by Matt Lashoff and loses puck.
10:27 of 2nd period - Dwight King is hit by Derek Dorsett.
11:09 of 2nd period - Kyle Turris is hit by Andrew Gordon and loses puck.
11:16 of 2nd period - Andrew Gordon is hit by Kyle Turris and loses puck.
11:33 of 2nd period - Slapshot by Lauri Tukonen.
11:33 of 2nd period - Stopped by Jhonas Enroth without a rebound.
11:34 of 2nd period - Christian Hanson wins face-off versus Peter Mueller in Sewer Rats zone.
11:37 of 2nd period - Wrist shot by Christian Hanson.
11:37 of 2nd period - Shot Misses the Net.
11:39 of 2nd period - Slapshot by Brett Skinner.
11:39 of 2nd period - Stopped by Jhonas Enroth without a rebound.
11:40 of 2nd period - Christian Hanson wins face-off versus Peter Mueller in Sewer Rats zone.
11:48 of 2nd period - Icing by Kyle Quincey.
11:49 of 2nd period - Christian Hanson wins face-off versus Peter Mueller in Sewer Rats zone.
12:14 of 2nd period - Ville Leino is hit by Dwight King and loses puck.
12:24 of 2nd period - Snap shot by John-Michael Liles.
12:24 of 2nd period - Stopped by Marek Schwarz without a rebound.
12:25 of 2nd period - Brandon Sutter wins face-off versus Christian Hanson in Patriotes zone.
12:32 of 2nd period - Snap shot by Vojtech Polak.
12:32 of 2nd period - Stopped by Marek Schwarz without a rebound.
12:33 of 2nd period - Brandon Sutter wins face-off versus Christian Hanson in Patriotes zone.
12:40 of 2nd period - Snap shot by Mark Mancari.
12:40 of 2nd period - Shot Misses the Net.
12:42 of 2nd period - Snap shot by Matt Lashoff.
12:42 of 2nd period - Shot Misses the Net.
13:32 of 2nd period - Off-side.
13:33 of 2nd period - Zenon Konopka wins face-off versus Ville Leino in neutral zone.
13:58 of 2nd period - John-Michael Liles is hit by Matt Calvert and loses puck.
14:11 of 2nd period - Snap shot by Matt Calvert.
14:11 of 2nd period - Shot Misses the Net.
14:25 of 2nd period - Snap shot by Jared Boll.
14:25 of 2nd period - Shot Misses the Net.
14:27 of 2nd period - Slapshot by Patrick Bordeleau.
14:27 of 2nd period - Stopped by Marek Schwarz with a rebound.
14:29 of 2nd period - Wrist shot by Patrick Bordeleau.
14:29 of 2nd period - Stopped by Marek Schwarz with a rebound.
14:31 of 2nd period - Slapshot by Kyle Turris.
14:31 of 2nd period - Stopped by Marek Schwarz with a rebound.
14:33 of 2nd period - Snap shot by Kyle Turris.
14:33 of 2nd period - Shot Misses the Net.
14:47 of 2nd period - Wrist shot by Derek Dorsett.
14:47 of 2nd period - Shot Misses the Net.
14:49 of 2nd period - Slapshot by Steven Kampfer.
14:49 of 2nd period - Shot Blocked by Andrew Gordon.
14:53 of 2nd period - Slapshot by Lars Eller.
14:53 of 2nd period - Stopped by Marek Schwarz with a rebound.
15:03 of 2nd period - Kyle Quincey is hit by Melker Karlsson and loses puck.
15:13 of 2nd period - Icing by Dale Weise.
15:14 of 2nd period - Melker Karlsson wins face-off versus Kyle Turris in Patriotes zone.
15:14 of 2nd period - Melker Karlsson is hit by Jared Boll.
15:22 of 2nd period - Wrist shot by Tomas Kurka.
15:22 of 2nd period - Shot Misses the Net.
15:28 of 2nd period - Snap shot by Patrick Bordeleau.
15:28 of 2nd period - Stopped by Marek Schwarz without a rebound.
15:29 of 2nd period - Zenon Konopka wins face-off versus Nick Palmieri in Patriotes zone.
15:34 of 2nd period - Snap shot by Zenon Konopka.
15:34 of 2nd period - Shot Misses the Net.
16:02 of 2nd period - Icing by Brett Skinner.
16:03 of 2nd period - Zenon Konopka wins face-off versus Peter Mueller in Patriotes zone.
16:12 of 2nd period - Snap shot by Zenon Konopka.
16:12 of 2nd period - Shot Misses the Net.
16:30 of 2nd period - Snap shot by Andreas Nodl.
16:30 of 2nd period - Stopped by Jhonas Enroth with a rebound.
16:32 of 2nd period - Slapshot by Brett Skinner.
16:32 of 2nd period - Stopped by Jhonas Enroth with a rebound.
16:34 of 2nd period - Slapshot by Ryan Wilson.
16:34 of 2nd period - Stopped by Jhonas Enroth with a rebound.
16:36 of 2nd period - Snap shot by Christian Hanson.
16:36 of 2nd period - Shot Blocked by Mark Mancari.
16:38 of 2nd period - Snap shot by Brett Skinner.
16:38 of 2nd period - Deflect By Andreas Nodl.
16:38 of 2nd period - Shot Misses the Net.
16:38 of 2nd period - Puck is out of play.
16:39 of 2nd period - Peter Mueller wins face-off versus Ryan White in Sewer Rats zone.
16:54 of 2nd period - Snap shot by Ville Leino.
16:54 of 2nd period - Stopped by Marek Schwarz with a rebound.
17:01 of 2nd period - Icing by Timothy Kunes.
17:02 of 2nd period - Christian Hanson wins face-off versus Brandon Sutter in Patriotes zone.
17:52 of 2nd period - Patrick Bordeleau is hit by Dwight King and loses puck.
18:30 of 2nd period - Snap shot by Vojtech Polak.
18:30 of 2nd period - Stopped by Marek Schwarz with a rebound.
19:02 of 2nd period - Steven Kampfer is hit by Andrew Gordon and loses puck.
19:20 of 2nd period - Off-side.
19:21 of 2nd period - Christian Hanson wins face-off versus Peter Mueller in neutral zone.
19:59 of 2nd period - Wrist shot by Zenon Konopka.
19:59 of 2nd period - Shot Misses the Net.
Goals for this period are 2 for Patriotes vs 2 for Sewer Rats.
Shots for this period are 8 for Patriotes vs 11 for Sewer Rats.
3rd period
0:01 of 3rd period - Peter Mueller wins face-off versus Christian Hanson in neutral zone.
0:04 of 3rd period - Wrist shot by Nick Palmieri.
0:04 of 3rd period - Shot Blocked by Ryan Wilson.
0:06 of 3rd period - Snap shot by Ville Leino.
0:06 of 3rd period - Shot Misses the Net.
0:08 of 3rd period - Slapshot by Matt Lashoff.
0:08 of 3rd period - Deflect By Christian Hanson.
0:08 of 3rd period - Goal by Matt Lashoff - Patriotes : 2 - Sewer Rats : 4.
0:09 of 3rd period - Andreas Nodl wins face-off versus Peter Mueller in neutral zone.
0:18 of 3rd period - Slapshot by Tomas Kurka.
0:18 of 3rd period - Stopped by Jhonas Enroth without a rebound.
0:19 of 3rd period - Christian Hanson wins face-off versus Peter Mueller in Sewer Rats zone.
0:20 of 3rd period - Snap shot by Andreas Nodl.
0:20 of 3rd period - Shot Misses the Net.
0:33 of 3rd period - Nick Palmieri is hit by Andreas Nodl and loses puck.
0:48 of 3rd period - Snap shot by Ville Leino.
0:48 of 3rd period - Stopped by Marek Schwarz with a rebound.
0:50 of 3rd period - Snap shot by Nick Palmieri.
0:50 of 3rd period - Goal by Nick Palmieri - Patriotes : 2 - Sewer Rats : 5.
0:51 of 3rd period - Zenon Konopka wins face-off versus Peter Mueller in neutral zone.
0:54 of 3rd period - Peter Mueller is hit by Zenon Konopka.
0:57 of 3rd period - Off-side.
0:58 of 3rd period - Peter Mueller wins face-off versus Zenon Konopka in neutral zone.
1:11 of 3rd period - Slapshot by Nick Palmieri.
1:11 of 3rd period - Stopped by Marek Schwarz with a rebound.
1:13 of 3rd period - Slapshot by John-Michael Liles.
1:13 of 3rd period - Deflect By Peter Mueller.
1:13 of 3rd period - Stopped by Marek Schwarz with a rebound.
1:19 of 3rd period - Minor Penalty to Brett Skinner for Roughing.
1:20 of 3rd period - Peter Mueller wins face-off versus Andreas Nodl in Patriotes zone.
1:31 of 3rd period - Ryan Wilson is hit by Nick Palmieri and loses puck.
2:33 of 3rd period - Snap shot by Brandon Sutter.
2:33 of 3rd period - Goal by Brandon Sutter - Patriotes : 2 - Sewer Rats : 6.
2:34 of 3rd period - Peter Mueller wins face-off versus Zenon Konopka in neutral zone.
3:06 of 3rd period - Snap shot by Andreas Nodl.
3:06 of 3rd period - Shot Blocked by Kyle Turris.
3:08 of 3rd period - Slapshot by Brett Skinner.
3:08 of 3rd period - Deflect By Kyle Turris.
3:08 of 3rd period - Stopped by Jhonas Enroth without a rebound.
3:09 of 3rd period - Christian Hanson wins face-off versus Brandon Sutter in Sewer Rats zone.
3:10 of 3rd period - Wrist shot by Andreas Nodl.
3:10 of 3rd period - Shot Blocked by Vojtech Polak.
3:14 of 3rd period - Snap shot by Tomas Kurka.
3:14 of 3rd period - Shot Misses the Net.
3:16 of 3rd period - Slapshot by Joe Charlebois.
3:16 of 3rd period - Shot Blocked by Brandon Sutter.
3:18 of 3rd period - Slapshot by Timothy Kunes.
3:18 of 3rd period - Deflect By Tomas Kurka.
3:18 of 3rd period - Shot Misses the Net.
3:18 of 3rd period - Puck is out of play.
3:19 of 3rd period - Brandon Sutter wins face-off versus Christian Hanson in Sewer Rats zone.
3:30 of 3rd period - Slapshot by Andreas Nodl.
3:30 of 3rd period - Shot Blocked by Matt Lashoff.
3:34 of 3rd period - Snap shot by Andreas Nodl.
3:34 of 3rd period - Shot Blocked by John-Michael Liles.
3:44 of 3rd period - Wrist shot by Christian Hanson.
3:44 of 3rd period - Shot Misses the Net.
3:46 of 3rd period - Slapshot by Andreas Nodl.
3:46 of 3rd period - Stopped by Jhonas Enroth with a rebound.
3:48 of 3rd period - Slapshot by Timothy Kunes.
3:48 of 3rd period - Deflect By Tomas Kurka.
3:48 of 3rd period - Stopped by Jhonas Enroth with a rebound.
3:50 of 3rd period - Snap shot by Christian Hanson.
3:50 of 3rd period - Goal by Christian Hanson - Patriotes : 3 - Sewer Rats : 6.
3:51 of 3rd period - Zenon Konopka wins face-off versus Peter Mueller in neutral zone.
3:55 of 3rd period - Brett Skinner is hit by Peter Mueller and loses puck.
4:16 of 3rd period - Brett Skinner is hit by Matt Lashoff and loses puck.
4:25 of 3rd period - Slapshot by Timothy Kunes.
4:25 of 3rd period - Deflect By Tomas Kurka.
4:25 of 3rd period - Stopped by Jhonas Enroth without a rebound.
4:26 of 3rd period - Ville Leino wins face-off versus Zenon Konopka in Sewer Rats zone.
4:51 of 3rd period - Zenon Konopka is hit by Jared Boll.
5:33 of 3rd period - Off-side.
5:34 of 3rd period - Peter Mueller wins face-off versus Christian Hanson in neutral zone.
6:57 of 3rd period - Snap shot by Jared Boll.
6:57 of 3rd period - Shot Hit the Post.
7:32 of 3rd period - Wrist shot by Nick Palmieri.
7:32 of 3rd period - Stopped by Marek Schwarz without a rebound.
7:33 of 3rd period - Christian Hanson wins face-off versus Brandon Sutter in Patriotes zone.
7:37 of 3rd period - Icing by Brett Skinner.
7:38 of 3rd period - Christian Hanson wins face-off versus Brandon Sutter in Patriotes zone.
8:03 of 3rd period - Snap shot by Dwight King.
8:03 of 3rd period - Shot Blocked by Matt Lashoff.
8:37 of 3rd period - Wrist shot by Jared Boll.
8:37 of 3rd period - Stopped by Marek Schwarz with a rebound.
8:47 of 3rd period - Timothy Kunes is hit by Derek Dorsett.
8:52 of 3rd period - Off-side.
8:53 of 3rd period - Lars Eller wins face-off versus Christian Hanson in neutral zone.
9:05 of 3rd period - Ville Leino is hit by Christian Hanson and loses puck.
9:18 of 3rd period - Lauri Tukonen is hit by Kyle Turris and loses puck.
9:19 of 3rd period - Lauri Tukonen from Patriotes is injured at 9:19 of 3rd period (Back Spasms).
9:20 of 3rd period - Christian Hanson wins face-off versus Peter Mueller in Patriotes zone.
9:27 of 3rd period - Matt Lashoff is hit by Tomas Kurka and loses puck.
9:36 of 3rd period - Snap shot by Ville Leino.
9:36 of 3rd period - Shot Hit the Post.
9:46 of 3rd period - Matt Lashoff is hit by Zenon Konopka and loses puck.
10:05 of 3rd period - Snap shot by Dwight King.
10:05 of 3rd period - Deflect By Ryan White.
10:05 of 3rd period - Shot Misses the Net.
10:05 of 3rd period - Puck is out of play.
10:06 of 3rd period - Ryan White wins face-off versus Kyle Turris in Sewer Rats zone.
10:09 of 3rd period - Snap shot by Ryan White.
10:09 of 3rd period - Deflect By Matt Calvert.
10:09 of 3rd period - Stopped by Jhonas Enroth without a rebound.
10:10 of 3rd period - Peter Mueller wins face-off versus Ryan White in Sewer Rats zone.
10:10 of 3rd period - Peter Mueller is hit by Ryan White.
10:25 of 3rd period - Icing by Ryan White.
10:26 of 3rd period - Brandon Sutter wins face-off versus Ryan White in Patriotes zone.
10:41 of 3rd period - Snap shot by Dwight King.
10:41 of 3rd period - Stopped by Jhonas Enroth with a rebound.
10:43 of 3rd period - Slapshot by Joe Charlebois.
10:43 of 3rd period - Stopped by Jhonas Enroth with a rebound.
11:13 of 3rd period - Wrist shot by Dwight King.
11:13 of 3rd period - Stopped by Jhonas Enroth with a rebound.
11:15 of 3rd period - Slapshot by Matt Calvert.
11:15 of 3rd period - Deflect By Ryan White.
11:15 of 3rd period - Stopped by Jhonas Enroth with a rebound.
11:17 of 3rd period - Snap shot by Dwight King.
11:17 of 3rd period - Stopped by Jhonas Enroth with a rebound.
11:19 of 3rd period - Slapshot by Timothy Kunes.
11:19 of 3rd period - Deflect By Dwight King.
11:19 of 3rd period - Shot Misses the Net.
11:19 of 3rd period - Puck is out of play.
11:20 of 3rd period - Peter Mueller wins face-off versus Christian Hanson in Sewer Rats zone.
11:33 of 3rd period - Slapshot by Steven Kampfer.
11:33 of 3rd period - Shot Misses the Net.
11:35 of 3rd period - Wrist shot by Kyle Quincey.
11:35 of 3rd period - Stopped by Marek Schwarz without a rebound.
11:36 of 3rd period - Kyle Turris wins face-off versus Zenon Konopka in Patriotes zone.
11:51 of 3rd period - Slapshot by Ryan Wilson.
11:51 of 3rd period - Stopped by Jhonas Enroth with a rebound.
12:01 of 3rd period - Andreas Nodl is hit by Peter Mueller.
13:23 of 3rd period - Steven Kampfer is hit by Matt Calvert and loses puck.
13:40 of 3rd period - Wrist shot by Peter Mueller.
13:40 of 3rd period - Goal by Peter Mueller - Patriotes : 3 - Sewer Rats : 7.
13:41 of 3rd period - Peter Mueller wins face-off versus Christian Hanson in neutral zone.
13:52 of 3rd period - Matt Lashoff is hit by Tomas Kurka and loses puck.
13:57 of 3rd period - Snap shot by Andreas Nodl.
13:57 of 3rd period - Shot Misses the Net.
14:07 of 3rd period - Ryan Wilson is hit by Mark Mancari and loses puck.
14:18 of 3rd period - Snap shot by Brandon Sutter.
14:18 of 3rd period - Shot Misses the Net.
14:20 of 3rd period - Snap shot by Vojtech Polak.
14:20 of 3rd period - Stopped by Marek Schwarz with a rebound.
14:34 of 3rd period - Ryan Wilson is hit by Patrick Bordeleau and loses puck.
15:04 of 3rd period - Icing by Ville Leino.
15:05 of 3rd period - Lars Eller wins face-off versus Melker Karlsson in Sewer Rats zone.
15:34 of 3rd period - Snap shot by Nick Palmieri.
15:34 of 3rd period - Shot Misses the Net.
16:16 of 3rd period - Lars Eller is hit by Dwight King and loses puck.
17:13 of 3rd period - Slapshot by Mark Mancari.
17:13 of 3rd period - Deflect By Vojtech Polak.
17:13 of 3rd period - Shot Misses the Net.
17:13 of 3rd period - Puck is out of play.
17:14 of 3rd period - Brandon Sutter wins face-off versus Melker Karlsson in Patriotes zone.
17:15 of 3rd period - Wrist shot by Vojtech Polak.
17:15 of 3rd period - Shot Blocked by Matt Calvert.
17:21 of 3rd period - Slapshot by Brett Skinner.
17:21 of 3rd period - Stopped by Jhonas Enroth with a rebound.
17:23 of 3rd period - Snap shot by Matt Calvert.
17:23 of 3rd period - Shot Misses the Net.
17:33 of 3rd period - Nick Palmieri is hit by Andreas Nodl and loses puck.
18:04 of 3rd period - Snap shot by Dwight King.
18:04 of 3rd period - Stopped by Jhonas Enroth without a rebound.
18:05 of 3rd period - Christian Hanson wins face-off versus Brandon Sutter in Sewer Rats zone.
18:20 of 3rd period - Wrist shot by Andreas Nodl.
18:20 of 3rd period - Stopped by Jhonas Enroth without a rebound.
18:21 of 3rd period - Peter Mueller wins face-off versus Zenon Konopka in Sewer Rats zone.
18:32 of 3rd period - Wrist shot by Peter Mueller.
18:32 of 3rd period - Shot Misses the Net.
18:34 of 3rd period - Slapshot by John-Michael Liles.
18:34 of 3rd period - Stopped by Marek Schwarz with a rebound.
18:50 of 3rd period - Snap shot by Vojtech Polak.
18:50 of 3rd period - Stopped by Marek Schwarz without a rebound.
18:51 of 3rd period - Peter Mueller wins face-off versus Christian Hanson in Patriotes zone.
18:56 of 3rd period - Wrist shot by Ville Leino.
18:56 of 3rd period - Stopped by Marek Schwarz with a rebound.
19:02 of 3rd period - Ville Leino is hit by Joe Charlebois and loses puck.
19:15 of 3rd period - Steven Kampfer is hit by Andreas Nodl and loses puck.
Goals for this period are 1 for Patriotes vs 4 for Sewer Rats.
Shots for this period are 16 for Patriotes vs 14 for Sewer Rats.
Back to the Top